 Dungeon Crawl Stone Soup version 0.28.0 (webtiles) character file.

Game seed: 12045933320515048907

50 Peloso the Covered (level 3, -1/33 HPs)
             Began as a Minotaur Fighter on Feb 13, 2022.
             Slain by Robin (7 damage)
             ... on level 2 of the Dungeon.
             The game lasted 00:02:18 (1124 turns).

Peloso the Covered (Minotaur Fighter)               Turns: 1124, Time: 00:02:18

Health: -1/33      AC:  0    Str: 20    XL:     3   Next: 55%
Magic:  2/2        EV: 13    Int:  5    God:
Gold:   71         SH:  0    Dex: 11    Spells: 2/2 levels left

rFire   . . .      SeeInvis .   (weapon currently unavailable)
rCold   . . .      Faith    .   (shield currently unavailable)
rNeg    . . .      Spirit   .   (armour currently unavailable)
rPois   .          Reflect  .   (helmet currently unavailable)
rElec   .          Harm     .   (cloak currently unavailable)
rCorr   .          Rampage  .   (gloves currently unavailable)
Will    .....                   (boots currently unavailable)
Stlth   +.........              (no amulet)
HPRegen 0.11/turn               (ring currently unavailable)
MPRegen 0.08/turn               (ring currently unavailable)

@: pig-form, very quick
A: fast, no casting, small, (horns 2), (retaliatory headbutt)
a: no special abilities


You were on level 2 of the Dungeon.
You were a filthy swine.
You visited 1 branch of the dungeon, and saw 2 of its levels.

You collected 71 gold pieces.

Inventory:

Hand Weapons
 a - a +0 long sword (melded)
Armour
 b - a +0 scale mail (melded)
 c - a +0 buckler (melded)
Scrolls
 e - a scroll of magic mapping
 f - a scroll of immolation {unknown}
Potions
 d - a potion of might
 h - a potion of resistance {unknown}


   Skills:
 + Level 4.1 Fighting
 + Level 2.8 Long Blades
 + Level 4.5 Armour
 + Level 0.7 Dodging
 + Level 4.0 Shields


You had 2 spell levels left.
You didn't know any spells.
Your spell library was empty.

Dungeon Overview and Level Annotations

Branches:
Dungeon (2/15)

Altars:

Annotations:
D:2 Robin


Innate Abilities, Weirdness & Mutations

You are a filthy swine.
You move quickly.
Your equipment is almost entirely melded.
You are incapable of wielding weapons or throwing items.
You cannot cast spells.
((You have a pair of horns on your head.))
((You reflexively headbutt those who attack you in melee.))


Message History

You kill the goblin!
The goblin hits you but does no damage.
You closely miss the goblin. Robin throws the goblin at you!
You block the goblin's attack. The goblin hits you with a +0 club.
You slash the goblin!
You kill the goblin!
Robin points. "Kill!"
The goblin hits you but does no damage. The goblin closely misses you.
You furiously retaliate!
You headbutt the goblin!
You kill the goblin!
Unknown command.
Robin zaps a wand.
You turn into a filthy swine.
Your +0 long sword melds into your body.
Your +0 buckler melds into your body.
Your +0 scale mail melds into your body.
Items here: ))))))) †††††††.
You hit Robin.
Robin is lightly wounded.
Robin closely misses you.
You hit Robin.
Robin is moderately wounded.
Robin hits you with a +0 mace.
You barely miss Robin.
Robin is moderately wounded.
Robin hits you with a +0 mace.
* * * LOW HITPOINT WARNING * * *
You hit Robin.
Robin is moderately wounded.
The goblin no longer looks unusually strong.
Robin throws the goblin at you!
* * * LOW HITPOINT WARNING * * *
You hit Robin but do no damage.
Robin is moderately wounded.
The goblin closely misses you. Robin barely misses you.
You hit Robin but do no damage.
Robin is moderately wounded.
The goblin hits you with a +0 dagger.
* * * LOW HITPOINT WARNING * * *
Robin hits you with a +0 mace!
You die...

#.# #.......#.........
#.###.######.#########
#.....# #.# ###.###
#.#### #.# #.##.. #.#
#..#.# #.# ##.#)# #.#
#.#g# #.# #.#h# #.#
#.#g# #.# #.#.# #.#
####.#.# #.#
#....†.##### . #<#
#.##.#....g#### .g.
#.# #
#.#.#...g.g####g.._^
..#
#.#.#...gg.......g.^
#.##
#.#.#.......g......#


You could see Robin and a goblin.

Vanquished Creatures
  2 adders (D:2)
  A ball python (D:1)
  4 endoplasms (D:1)
  10 goblins
  3 hobgoblins
  2 bats
  2 frilled lizards
  A kobold (D:1)
  4 rats
29 creatures vanquished.

Notes
Turn   | Place    | Note
-------+----------+-------------------------------------------
     0 | D:1      | Peloso the Minotaur Fighter began the quest for the Orb.
     0 | D:1      | Reached XP level 1. HP: 19/19 MP: 0/0
   267 | D:1      | Reached XP level 2. HP: 23/27 MP: 1/1
  1073 | D:2      | Found a faded altar of an unknown god.
  1096 | D:2      | Reached XP level 3. HP: 24/33 MP: 2/2
  1106 | D:2      | Noticed Robin
  1124 | D:2      | Slain by Robin

Illustrated notes

Levels and vault maps discovered:
D:1:      dpeg_arrival_rooms_with_view, layout_basic, moated_statue
D:2:      layout_loops_ring, basic_altar, ebering_ecumenical_altar_webs,
          uniq_crazy_yiuf_cottage, uniq_robin

Skill      XL: |  1  2 |
---------------+-------+-----
Armour         | 4 |  4.5
Fighting       | 4 |  4.1
Shields        | 4 |  4.0
Long Blades    | |  2.8
Dodging        | |  0.7

Action                   || total
-------------------------++-------
Melee: Long sword        ||    72
       Headbutt          ||     7
       Unarmed           ||     6
  Use: Potion            ||     2
       Scroll            ||     1
Armor: Scale mail        ||    48
Dodge: Dodged            ||    50
Block: Buckler           ||    16
